 Dungeon Crawl Stone Soup version 0.27.1-3-gb3d3a73c9e (webtiles) character file.

Game seed: 8135917381742701120

38 NiS the Ducker (level 3, -1/15 HPs)
             Began as a Felid Transmuter on Oct 13, 2021.
             Killed from afar by a dart slug (4 damage)
             ... with a slug dart
             ... on level 4 of the Dungeon.
             The game lasted 00:21:14 (6966 turns).

NiS the Ducker (Felid Transmuter)                   Turns: 6966, Time: 00:21:15

Health: -1/15      AC:  1    Str:  6    XL:     3   Next: 25%
Magic:  7/7        EV: 18    Int: 15    God:
Gold:   97         SH:  0    Dex: 16    Spells: 0/7 levels left
                                        Lives:  0   Deaths: 1

rFire    . . .     SeeInvis +     - Unarmed
rCold    . . .     Faith    .   (shield unavailable)
rNeg     . . .     Spirit   .   (armour unavailable)
rPois    .         Reflect  .   (helmet unavailable)
rElec    .         Harm     .   (cloak unavailable)
rCorr    .         Rampage  .   (gloves unavailable)
Will     .....                  (boots unavailable)
Stlth    +.........             (no amulet)
HPRegen  0.05/turn              (no ring)
MPRegen  0.10/turn              (no ring)

@: quick
A: very small, claws 1, fangs 3, see invisible, speed 1, shaggy fur 1, stealthy
paws, no weapons or thrown items, no armour, multi-lived
a: no special abilities


You were on level 4 of the Dungeon.
You visited 1 branch of the dungeon, and saw 4 of its levels.

You collected 97 gold pieces.

Inventory:

Scrolls
 a - a scroll of magic mapping {unknown}
 b - a scroll of identify {unknown}
 c - a scroll of holy word {unknown}
 h - 2 scrolls of teleportation {unknown}
 i - a scroll of immolation {unknown}
 j - a scroll of fear {unknown}
Potions
 d - a potion of cancellation {unknown}
 e - a potion of magic {unknown}
 f - a potion of flight {unknown}
 g - a potion of curing {unknown}


   Skills:
 - Level 1.0 Fighting
 * Level 4.2 Dodging
 - Level 3.0 Unarmed Combat
 + Level 2.6 Spellcasting
 + Level 3.5 Transmutations


You couldn't memorise any spells.
You knew the following spells:

 Your Spells              Type           Power      Damage    Failure   Level
a - Beastly Appendage     Tmut           24%        N/A       4%          1
b - Spider Form           Tmut/Pois      3%         N/A       30%         3
c - Ice Form              Ice/Tmut       7%         N/A       69%         4

Your spell library contained the following spells:

 Spells                   Type           Power      Damage    Failure   Level
 Wereblood                Tmut           12%        N/A       8%          2
 Static Discharge         Conj/Air       1%         N/A       32%         2
 Dispel Undead            Necr           1%         3d6       91%         4
 Sticky Flame             Conj/Fire      1%         2d3       91%         4
 Alistair's Intoxication  Tmut/Pois      4%         N/A       95%         5
 Borgnjor's Vile Clutch   Necr/Erth      0%         N/A       99%         5
 Eringya's Noxious Bog    Tmut/Pois      3%         N/A       100%        6


Dungeon Overview and Level Annotations

Branches:
Dungeon (4/15)
 Temple: D:4-7

Altars:

Annotations:
D:3 Natasha


Innate Abilities, Weirdness & Mutations

You have sharp claws.
You have razor-sharp teeth.
You have supernaturally acute eyesight. (SInv)
You cover ground quickly. (Speed+)
You are covered in fur. (AC +1)
Your paws help you pounce on unaware monsters.
You are incapable of wielding weapons or throwing items.
You cannot wear armour.
You gain extra lives every three experience levels.


Message History

You grow a pair of large bovine horns.
The ball python completely misses you. The ball python barely misses you.
You closely miss the ball python. The ball python barely misses you. x2
You claw the ball python!
You kill the ball python!
Magic restored.
Partly explored, can't reach some items and places.
Your transformation is almost over.
Your horns disappear.
There is a stone staircase leading down, spattered with blood here.
You climb downwards.
The jelly hits you.
You are splashed with acid!
The orc misses you.
There is a stone staircase leading up here.
The jelly hits you. The acid corrodes you!
You are splashed with acid!
Ouch! That really hurt!
You stop ascending the stairs.
You die...
The orc misses you.
You are now level 3!
You rejoin the land of the living...
Welcome back, NiS the Felid Transmuter.
Press ? for a list of commands and other information.
A dart slug comes into view.
The dart slug misses you. The dart slug bites you.
The dart slug launches a dart at you. The slug dart hits you.
The dart slug launches a dart at you. The slug dart hits you.
The dart slug misses you. The dart slug closely misses you.
The dart slug launches a dart at you. The slug dart misses you.
The dart slug closely misses you. The dart slug bites you.
* * * LOW HITPOINT WARNING * * *
The dart slug completely misses you. The dart slug launches a dart at you.
The slug dart hits you.
You die...

######### ......w.#
#@# #.#
###########.#######
...................
###########.#######
#.# #.# #.# #.#


You could see a dart slug.

Vanquished Creatures
  An adder (D:3)
  A worm (D:3)
  2 dart slugs
  4 orcs
  7 ball pythons
  10 bats
  4 endoplasms
  2 giant cockroaches (D:1)
  5 goblins
  2 hobgoblins
  6 quokkas
  5 kobolds
  11 rats
60 creatures vanquished.

Notes
Turn   | Place    | Note
-------+----------+-------------------------------------------
     0 | D:1      | NiS the Felid Transmuter began the quest for the Orb.
     0 | D:1      | Reached XP level 1. HP: 9/9 MP: 4/4
   263 | D:1      | Reached skill level 3 in Dodging
   263 | D:1      | Reached XP level 2. HP: 8/12 MP: 4/6
   744 | D:1      | Found a faded altar of an unknown god.
  1040 | D:2      | Reached XP level 3. HP: 15/15 MP: 5/7
  4186 | D:2      | Learned a level 3 spell: Spider Form
  5114 | D:3      | Reached skill level 4 in Dodging
  5306 | D:3      | Reached XP level 4. HP: 19/19 MP: 6/8
  6028 | D:3      | Noticed Natasha
  6120 | D:3      | Learned a level 4 spell: Ice Form
  6939 | D:4      | Splashed by a jelly's acid
  6940 | D:4      | Reached XP level 3. HP: -5/15 MP: 7/7
  6966 | D:4      | Killed from afar by a dart slug

Illustrated notes

Levels and vault maps discovered:
D:1:      lemuel_arrival_muddy, layout_rooms, basic_ecumenical_altar
D:2:      layout_basic
D:3:      layout_loops_corners, uniq_natasha
D:4:      layout_basic, minmay_temple_entry_hall, serial_shops,
          nicolae_shop_behind_doors, nicolae_square_shop,
          nicolae_shop_statue_plus, shop_statue

Skill      XL: |  1  2  3 |
---------------+----------+-----
Dodging        | 3 4 |  4.2
Transmutations | 3 |  3.5
Fighting       | |  1.0
Unarmed Combat | |  3.0
Spellcasting   | |  2.6

Action                   |  1- 3 |  4- 6 || total
-------------------------+-------+-------++-------
Melee: Unarmed           |   163 |    21 ||   184
       Headbutt          |    23 |     3 ||    26
       Bite              |    14 |     1 ||    15
 Cast: Beastly Appendage |    46 |     7 ||    53
 Stab: Sleeping          |     3 |     1 ||     4
Armor: Skin              |    17 |     1 ||    18
Dodge: Dodged            |   114 |    19 ||   133
